 Dungeon Crawl Stone Soup version 0.31-a0-851-g7ff8af7976 (webtiles) character file.

Game seed: 4480461907582003729

11417 night the Gouger (level 11, -2/45 HPs)
             Began as a Felid Shapeshifter on Oct 5, 2023.
             Was a Plaything of Xom.
             Slain by a slime creature (4 damage)
             ... on level 12 of the Dungeon.
             The game lasted 00:34:09 (11714 turns).

night the Gouger (Felid Shapeshifter)              Turns: 11714, Time: 00:34:10

Health: -2/45      AC:  2    Str: 22 (23) XL:     11   Next: 49%
Magic:  12/12      EV: 21    Int: 17 (18) God:    Xom [......]
Gold:   621        SH:  0    Dex: 12 (13) Spells: 9/10 levels left
                                        Lives:  0   Deaths: 4

rFire   . .          .
                       - Unarmed
rCold   . . .        (shield unavailable)
rNeg    . . .        (body armour unavailable)
rPois   +            (helmet unavailable)
rElec   .            (cloak unavailable)
rCorr   .            (gloves unavailable)
SInv    +            (boots unavailable)
Will    +....        (no amulet)
Stlth   ++++         n - ring of wizardry
HPRegen 0.27/turn    v - +6 ring of strength
MPRegen 0.13/turn

%: wizardry (x1)
@: quick
A: very small, claws 1, fangs 3, see invisible, speed 1, shaggy fur 2, stealthy
paws, no weapons or thrown items, no armour, multi-lived, clever 1, frail 1,
poison resistance, strong 2, inability to read after injury 1, MP-powered wands
a: Renounce Religion


You were on level 12 of the Dungeon.
You worshipped Xom.
You were a very special plaything of Xom.
You visited 1 branch of the dungeon, and saw 12 of its levels.

You collected 621 gold pieces.

Inventory:

Jewellery
 n - a ring of wizardry (left paw)
 v - a +6 ring of strength (right paw)
 z - a ring of magical power
Talismans
 b - a beast talisman
 c - a flux talisman
 y - a dragon-blood talisman
Wands
 g - a wand of mindburst (10)
 t - a wand of charming (24)
 u - a wand of light (5)
 A - a wand of polymorph (2)
Scrolls
 e - 8 scrolls of teleportation
 h - a scroll of fog
 k - 2 scrolls of vulnerability
 l - 2 scrolls of noise
 m - 2 scrolls of amnesia
Potions
 a - 3 potions of lignification
 d - 2 potions of enlightenment
 f - a potion of curing
 o - 2 potions of might
 q - 2 potions of berserk rage
 r - a potion of attraction
 s - a potion of magic {unknown}
 x - a potion of brilliance


   Skills:
 - Level 7.0 Fighting
 - Level 9.7 Dodging
 - Level 9.6 Stealth
 - Level 10.5 Unarmed Combat
 + Level 10.4 Shapeshifting


You had 9 spell levels left.
You knew the following spells:

 Your Spells              Type           Power      Damage    Failure   Level
a - Foxfire               Conj/Fire      0%         2x1d4     10%         1

Your spell library contained the following spells:

 Spells                   Type           Power      Damage    Failure   Level
 Apportation              Tloc           0%         N/A       10%         1
 Necrotise                Necr           0%         1d4       10%         1
 Summon Small Mammal      Summ           0%         N/A       10%         1
 Static Discharge         Conj/Air       0%         2-2/arc   14%         2
 Airstrike                Air            0%         2d(0-16)  65%         4
 Summon Lightning Spire   Summ/Air       0%         N/A       65%         4
 Plasma Beam              Fire/Air       0%         2x1d10    100%        6
 Starburst                Conj/Fire      0%         6d3       100%        6


Dungeon Overview and Level Annotations

Branches:
Dungeon (12/15)            Temple (0/1) D:6             Orc (0/2) D:11
   Lair: D:8-11

Altars:
Dithmenos
Fedhas
Hepliaklqana
Okawaru
Qazlal
Sif Muna
Uskayaw
Vehumet
Wu Jian
Xom
Yredelemnul
The Shining One

Annotations:
D:4 Menkaure
D:8 3 runed translucent doors, Tombo's ghost, novice MiFi


Innate Abilities, Weirdness & Mutations

You have sharp claws.
You have razor-sharp teeth.
You have supernaturally acute eyesight. (SInv)
You cover ground quickly. (Speed+)
You are covered in thick fur. (AC +2)
Your paws help you pounce on unaware monsters.
You are incapable of wielding weapons or throwing items.
You cannot wear armour.
You gain extra lives every three experience levels.
Your mind is acute. (Int +4, Str/Dex -1)
You are frail. (-10% HP)
Your system is resistant to poisons. (rPois)
Your muscles are very strong. (Str +8, Int/Dex -2)
You occasionally lose the ability to read scrolls when taking damage.
You expend magic power (3 MP) to strengthen your wands.


Message History

You claw the yak! You claw the yak.
The yak is severely wounded.
You mangle the yak!!
You kill the yak!
You claw the yak!
The yak is severely wounded.
The yak closely misses you.
You barely miss the yak. You bite the yak, but do no damage.
The yak is severely wounded.
The yak completely misses you.
You barely miss the yak.
The yak is severely wounded.
The yak closely misses you.
You scratch the yak.
The yak is almost dead.
The yak misses you.
You closely miss the yak.
The yak is almost dead.
You scratch the yak but do no damage. You bite the yak.
The yak is almost dead.
The yak misses you.
You mangle the yak!!
You kill the yak!
The slime creature closely misses you.
Things that are here:
a yak corpse; a yak corpse You scratch the slime creature.
The slime creature is lightly wounded.
The slime creature hits you!
You claw the slime creature!
The slime creature is moderately wounded.
The slime creature hits you!!
* * * LOW HITPOINT WARNING * * *
You barely miss the slime creature.
The slime creature is moderately wounded.
The slime creature attacks as it pursues you!
The slime creature misses you.
The slime creature attacks as it pursues you!
The slime creature hits you.
You die...

# ##..# ### #.# # #..# #Y# #
#.####..# ##'## # #.......#
##...## # ######†## ##.....## ###
## #####.######.......## ##.#
.######.........#.........####...
...........J....'.........)......
.######....@.##.#....[....####...
## #......##.##.......## ##..
#......##.###.....## #.#
#......##.# ##...## #.#
#......##.# ##'## #.# #.##.####.#
#.# #.. #.........# #.# #..
####......# ##.## ### ######.#
##...## #


You could see a slime creature.

Vanquished Creatures
  A hydra (D:12)
  Harold (D:9)
  Erica (D:8)
  A boulder beetle (D:12)
  2 two-headed ogres
  A deep elf pyromancer (D:12)
  2 trolls
  3 slime creatures (D:12)
  A wraith (D:12)
  3 wyverns
  7 yaks
  Grum (D:8)
  A steam dragon (D:7)
  2 water moccasins
  An acid dragon (D:11)
  An ice beast (D:7)
  3 orc warriors
  A sky beast (D:7)
  An ogre (D:5)
  4 wolves (D:8)
  4 centaurs
  A lemure (D:4)
  4 scorpions
  A gnoll sergeant (D:9)
  A bullfrog (D:5)
  6 killer bees (D:9)
  5 howler monkeys
  A jelly (D:5)
  7 orc priests
  A gnoll bouda (D:7)
  A hound (D:5)
  2 sleepcaps
  2 iguanas
  21 orc wizards
  Robin (D:3)
  12 gnolls
  2 adders
  A white imp (D:8)
  2 ufetubi (D:5)
  2 worms (D:2)
  3 dart slugs
  48 orcs
  4 endoplasms
  2 giant cockroaches (D:2)
  16 goblins
  3 hobgoblins
  11 jackals
  2 quokkas
  8 ball pythons
  5 bats
  5 frilled lizards (D:1)
  9 kobolds
  8 rats
  A foxfire (D:9)
240 creatures vanquished.

Vanquished Creatures (collateral kills)
  A manticore (D:11)
  5 yaks (D:12)
  An orc wizard (D:6)
  An ufetubus (D:6)
8 creatures vanquished.

Vanquished Creatures (others)
  A centaur (D:6)
  A goblin (D:4)
  61 foxfires (D:9)
63 creatures vanquished.

Grand Total: 311 creatures vanquished

Notes
Turn   | Place    | Note
-------+----------+-------------------------------------------
     0 | D:1      | night the Felid Shapeshifter began the quest for the Orb.
     0 | D:1      | Reached XP level 1. HP: 9/9 MP: 2/2
   259 | D:1      | Reached XP level 2. HP: 12/12 MP: 3/3
   590 | D:1      | Found a faded altar of an unknown god.
   619 | D:1      | Reached skill level 1 in Stealth
   882 | D:2      | HP: 1/12 [worm (2)]
   885 | D:2      | Reached XP level 3. HP: 2/15 MP: 4/4
  1652 | D:3      | Reached XP level 4. HP: 15/19 MP: 5/5
  1902 | D:3      | Found an iron altar of Okawaru.
  1998 | D:4      | Noticed Robin
  2191 | D:3      | Killed Robin
  2192 | D:3      | Reached skill level 2 in Stealth
  2265 | D:4      | Noticed Menkaure
  2270 | D:4      | HP: 1/19 [Menkaure (18)]
  2386 | D:4      | HP: 2/19 [orc wizard/+0 dagger (3)]
  2391 | D:4      | Reached skill level 2 in Fighting
  2391 | D:4      | Reached XP level 5. HP: 4/22 MP: 6/6
  2527 | D:4      | Noticed a lemure
  2589 | D:4      | HP: 3/22 [lemure[Pikel] (5)]
  2593 | D:4      | Killed a lemure
  2689 | D:4      | HP: 2/22 [orc/+0 club (4)]
  2884 | D:4      | Gained mutation: You are covered in thick fur. (AC +2)
                  | [Felid growth]
  2884 | D:4      | Reached XP level 6. HP: 18/27 MP: 7/7
  3000 | D:4      | Noticed a steam dragon
  3013 | D:4      | Killed from afar by a steam dragon
  3034 | D:5      | Entered Level 5 of the Dungeon
  3048 | D:5      | Noticed a water moccasin
  3066 | D:5      | Killed a water moccasin
  3067 | D:5      | Reached skill level 5 in Unarmed Combat
  3071 | D:5      | Reached XP level 7. HP: 25/30 MP: 8/8
  3106 | D:5      | Reached skill level 5 in Dodging
  3264 | D:5      | HP: 4/31 [acid (9)]
  3601 | D:5      | Found an ornate altar of the Wu Jian Council.
  3673 | D:5      | HP: 3/31 [gnoll/+0 flail (10)]
  3941 | D:5      | Found a stormy altar of Qazlal.
  3942 | D:5      | Found a hazy altar of Hepliaklqana.
  4098 | D:5      | Found a shimmering blue altar of Sif Muna.
  4203 | D:6      | Reached XP level 8. HP: 36/36 MP: 9/9
  4210 | D:6      | Reached skill level 5 in Shapeshifting
  4216 | D:6      | Reached skill level 5 in Stealth
  4304 | D:6      | Found a basalt altar of Yredelemnul.
  4306 | D:6      | Found a shimmering altar of Xom.
  4337 | D:6      | Became a worshipper of Xom of Chaos
  4438 | D:6      | Slain by a bullfrog
  4613 | D:6      | XOM: potion effect (brilliance)
  4731 | D:6      | XOM: potion effect (haste)
  4824 | D:6      | XOM: cast spell 'Call Canine Familiar'
  5051 | D:5      | XOM: smoke on damage
  5166 | D:6      | Found a staircase to the Ecumenical Temple.
  5226 | D:6      | Found a glowing golden altar of the Shining One.
  5520 | D:6      | XOM: summons 5 hostile demons
  5531 | D:6      | HP: 4/36 [crimson imp[Xom] (3)]
  5714 | D:7      | Found a blossoming altar of Fedhas.
  5880 | D:7      | XOM: 2-stop teleportation journey
  5961 | D:7      | XOM: butterfly on damage
  5963 | D:7      | HP: 5/36 [centaur (3)]
  5967 | D:7      | Reached XP level 9. HP: 18/39 MP: 10/10
  6133 | D:7      | Found a radiant altar of Vehumet.
  6178 | D:7      | Noticed a two-headed ogre
  6179 | D:7      | Found a hide-covered altar of Uskayaw.
  6190 | D:7      | Killed a two-headed ogre
  6191 | D:7      | Reached skill level 5 in Fighting
  6391 | D:7      | XOM: 2-stop teleportation journey
  6757 | D:8      | Found a shadowy altar of Dithmenos.
  6860 | D:8      | XOM: silly message
  6986 | D:8      | XOM is BORED!
  6988 | D:8      | Noticed a green ugly thing
  6990 | D:8      | Found a runed translucent gate.
  6991 | D:8      | Noticed a two-headed ogre
  6997 | D:8      | Noticed Tombo's ghost (novice MiFi)
  7004 | D:8      | Found a runed translucent gate.
  7005 | D:8      | Found a runed translucent gate.
  7005 | D:8      | Noticed a centaur warrior
  7046 | D:8      | HP: 5/40 [orc priest/divine providence (12)]
  7049 | D:8      | XOM: divination: detect creatures
  7051 | D:8      | Killed from afar by an orc wizard
  7353 | D:8      | Noticed Erica
  7358 | D:8      | XOM: silly message
  7359 | D:8      | XOM: potion effect (haste)
  7364 | D:8      | XOM: noise
  7365 | D:8      | Killed Erica
  7372 | D:8      | Noticed Grum
  7377 | D:8      | HP: 2/41 [wolf[Grum] (11)]
  7391 | D:8      | Reached XP level 10. HP: 22/45 MP: 11/11
  7484 | D:7      | XOM: silly message
  7842 | D:8      | XOM: butterfly on damage
  7845 | D:8      | Killed Grum
  7851 | D:8      | HP: 3/45 [wolf[Grum] (9)]
  8075 | D:10     | Entered Level 10 of the Dungeon
  8238 | D:11     | Noticed a manticore
  8242 | D:11     | XOM: butterfly on damage
  8245 | D:11     | XOM: summons 2 friendly demons
  8248 | D:11     | HP: 1/45 [manticore (12)]
  8251 | D:11     | Killed a manticore
  8539 | D:11     | Found a staircase to the Orcish Mines.
  8630 | D:11     | HP: 4/45 [acid dragon (6)]
  8879 | D:10     | XOM: summons friendly ufetubus
  8884 | D:10     | XOM: give mutations
  8884 | D:10     | Gained mutation: Your magical capacity is low. (-10% MP)
                  | [Xom's mischief]
  8884 | D:10     | Gained mutation: You have hidden genetic defects. [Xom's
                  | mischief]
  8884 | D:10     | Gained mutation: Your muscles are strong. (Str +4, Int/Dex
                  | -1) [Xom's mischief]
  8885 | D:10     | XOM: smoke on damage
  8886 | D:10     | HP: 2/45 [orc warrior/+0 halberd (8)]
  8890 | D:9      | XOM: summons 4 hostile demons
  9000 | D:9      | Noticed a two-headed ogre
  9000 | D:9      | XOM: confusion (+ monsters)
  9008 | D:9      | Killed a two-headed ogre
  9052 | D:9      | Learned a level 1 spell: Foxfire
  9075 | D:9      | XOM: confuse monster(s)
  9136 | D:9      | XOM: silly message
  9212 | D:9      | Reached skill level 10 in Unarmed Combat
  9241 | D:9      | Gained mutation: You are frail. (-10% HP) [hidden defects]
  9314 | D:9      | XOM: potion effect (invisibility)
  9344 | D:9      | XOM: torment (13/41 hp)
  9422 | D:9      | Noticed Harold
  9422 | D:9      | XOM: 1-stop teleportation journey
  9427 | D:9      | Killed Harold
  9451 | D:9      | XOM: torment (18/41 hp)
  9494 | D:9      | XOM: scenery: summon butterflies
  9616 | D:9      | XOM: potion effect (brilliance)
  9620 | D:9      | XOM: divination: detect creatures
  9624 | D:9      | XOM: summons friendly white imp
  9631 | D:9      | Gained mutation: You occasionally lose the ability to read
                  | scrolls when taking damage. [hidden defects]
  9631 | D:9      | Lost mutation: You have hidden genetic defects. [hidden
                  | defects expressed]
  9668 | D:9      | Reached XP level 11. HP: 38/45 MP: 5/10
  9670 | D:9      | XOM: smoke on damage
  9682 | D:9      | XOM: cast spell 'Death Channel'
  9687 | D:10     | HP: 2/45 [yak (9)]
  9788 | D:11     | XOM: 5-stop teleportation journey
 10023 | D:11     | Slain by a vampire mosquito
 10039 | D:12     | XOM: cloud trail
 10082 | D:12     | XOM: summons 3 friendly demons
 10083 | D:12     | Noticed a boulder beetle
 10093 | D:12     | XOM: cast spell 'Summon Hydra'
 10102 | D:12     | XOM: silly message
 10113 | D:12     | XOM: potion effect (invisibility)
 10142 | D:12     | XOM: potion effect (brilliance)
 10169 | D:12     | XOM: silly message
 10186 | D:12     | HP: 6/45 [boulder beetle (14)]
 10189 | D:12     | Killed a boulder beetle
 10239 | D:12     | XOM: silly message
 10480 | D:11     | XOM: give mutations
 10480 | D:11     | Gained mutation: You expend magic power (3 MP) to
                  | strengthen your wands. [Xom's grace]
 10480 | D:11     | Gained mutation: Your muscles are very strong. (Str +8,
                  | Int/Dex -2) [Xom's grace]
 10480 | D:11     | Gained mutation: Your mind is acute. (Int +4, Str/Dex -1)
                  | [Xom's grace]
 10480 | D:11     | Gained mutation: Your system is resistant to poisons.
                  | (rPois) [Xom's grace]
 10638 | D:12     | XOM: divination: detect items
 10724 | D:12     | Noticed a seven-headed hydra
 10741 | D:12     | Killed a seven-headed hydra
 10961 | D:12     | Noticed a deep elf pyromancer
 10968 | D:12     | XOM: 1-stop teleportation journey
 11009 | D:12     | XOM: give mutations
 11009 | D:12     | Lost mutation: Your magical capacity is low. (-10% MP)
                  | [Xom's mischief]
 11009 | D:12     | Gained mutation: You are clumsy. (Dex -2) [Xom's mischief]
 11009 | D:12     | Lost mutation: You are clumsy. (Dex -2) [Xom's mischief]
 11052 | D:12     | Found a hazy altar of Hepliaklqana.
 11131 | D:12     | XOM: blink monster(s)
 11141 | D:12     | HP: 4/45 [deep elf pyromancer/+0 short sword (5)]
 11143 | D:12     | Killed a deep elf pyromancer
 11162 | D:12     | HP: 6/45 [xom (4)]
 11162 | D:12     | XOM: torment (6/45 hp)
 11348 | D:12     | Reached skill level 10 in Shapeshifting
 11456 | D:12     | XOM: blink monster(s)
 11463 | D:12     | HP: 2/45 [slime creature (6)]
 11638 | D:12     | XOM: stat loss: -1 Int (16/18)
 11665 | D:12     | XOM: swap monsters
 11674 | D:12     | XOM: swap monsters
 11674 | D:12     | HP: 5/45 [yak (5)]
 11674 | D:12     | HP: 2/45 [yak (3)]
 11710 | D:12     | HP: 1/45 [slime creature (18)]
 11714 | D:12     | Slain by a slime creature

Illustrated notes

Levels and vault maps discovered:
D:1:      dpeg_arrival_shelter, layout_basic, ebering_ecumenical_altar_abandoned
D:2:      layout_basic
D:3:      layout_rooms, general_overflow_altar, minmay_distorted
D:4:      layout_gridville, uniq_pikel, uniq_robin, uniq_menkaure
D:5:      layout_basic, lemuel_round_altar, mainiacjoe_overflow_divided_tiny,
          kennysheep_orc_sif_temple
D:6:      minmay_flawed_box, layout_rooms, kennysheep_mini_moat,
          mainiacjoe_overflow_catwalk_spiral, minmay_temple_entry_junction
D:7:      layout_basic, nicolae_overflow_crystal_walls,
          mainiacjoe_overflow_alcove_1, marbit_many_paths, serial_glass,
          glass_columns_a, glass_columns_c
D:8:      layout_loops_ring, nicolae_dithmenos_shadow_blocks,
          gammafunk_ghost_split, serial_rivers, chequers_serial_rivers_marsh,
          chequers_serial_rivers_micro_c, chequers_serial_rivers_small_b,
          chequers_serial_rivers_room_b, chequers_serial_rivers_marsh,
          uniq_erica, uniq_grum
D:9:      layout_irregular_city, uniq_harold
D:10:     layout_cave_pools, elyvilon_altar_5, minmay_lair_entry_grove
D:11:     layout_loops_ring, orc_0_dummy
D:12:     layout_loops_corners, nzn_hepliaklqana_mist_gate

Skill      XL: |  1  2  3  4  5  6  7  8  9 10 11 |
---------------+----------------------------------+-----
Dodging        | 3 4 5 6 8 9 |  9.7
Stealth        | 1 2 3 4 6 8 9 |  9.6
Unarmed Combat | 4 5 6 7 9 10 | 10.5
Fighting       | 2 3 4 5 7 |  7.0
Shapeshifting  | 4 5 6 7 10 | 10.4

Action                     |  1- 3 |  4- 6 |  7- 9 | 10-12 || total
---------------------------+-------+-------+-------+-------++-------
  Melee: Unarmed           |   124 |   168 |   334 |   248 ||   874
         Bite              |    10 |    19 |    31 |    46 ||   106
         Punch             |     2 |     4 |     9 |    14 ||    29
   Cast: Foxfire           |       |       |       |    34 ||    34
Ability: Begin Untransform |       |       |     1 |       ||     1
  Evoke: Wand              |       |       |     2 |     5 ||     7
    Use: Potion            |       |     1 |     2 |     8 ||    11
         Scroll            |       |       |    10 |     7 ||    17
   Stab: Sleeping          |     3 |     3 |    11 |     3 ||    20
         Invisible         |       |       |       |    11 ||    11
         Confused          |       |       |       |     1 ||     1
 Armour: Skin              |    33 |    59 |   120 |    93 ||   305
  Dodge: Dodged            |    74 |   139 |   343 |   270 ||   826
   Form: Dragon            |       |       |     1 |       ||     1

Table legend: (Time is in decaauts)
 A = Elapsed time spent in this place.
 B = Non-inter-level travel time spent in this place.
 C = Inter-level travel time spent in this place.
 D = Time resting spent in this place.
 E = Time spent auto-exploring this place.
 F = Levels seen in this place.
 G = Mean time per level.
                   A        B        C        D        E       F      G
               +--------+--------+--------+--------+--------+-----+--------+
         Total |  10378 |  10111 |    267 |   2748 |   5007 |  12 |  864.8 |
       Dungeon |  10378 |  10111 |    267 |   2748 |   5007 |  12 |  864.8 |
               +--------+--------+--------+--------+--------+-----+--------+

Top non-repeatable levels by time:
    D:12: 1437 daAuts
     D:5: 1305 daAuts
     D:7: 1076 daAuts
    D:11: 1072 daAuts
     D:8: 1049 daAuts
     D:6: 967 daAuts
     D:9: 778 daAuts
     D:3: 712 daAuts
     D:4: 647 daAuts
     D:2: 643 daAuts
     D:1: 642 daAuts
    D:10: 46 daAuts
